AoeStats
← Buhr

Black Forest

510230965Analyzed
4v4 RM · 4d ago on Sep 30, 2026· 39m 8s· 8 players
Game mode
Random Map
Map size
Large (8 player)
Population
200
Speed
Normal
Resources
Standard
Victory
Conquest
Starting age
Dark Age
Ending age
Imperial Age
RankedLock teamsTeams togetherTeam positionsShared explorationLock speedFull tech treeHidden civsTurbo modeCheats
Victory
Defeat
🇺🇸 Bengalis · United States
1550
+12
🇨🇳 Koreans · China
1508
+14
🇺🇸 Muisca · United States
1485
+15
🇺🇸 Mongols · United States
1461
+16
🇦🇷 Inca · Argentina
1520
-16
🇦🇷 Spanish · Argentina
1498
-16
🇦🇷 Persians · Argentina
1447
-14
🇦🇷 Slavs · Argentina
1392
-11
Almost600
0:26 Loom
9:46 Feudal Age
12:39 Fletching
16:13 Castle Age
15:31 Double-Bit Axe
17:06 Bodkin Arrow
23:14 Ballistics
27:52 Bloodlines
27:45 Husbandry
31:37 Padded Archer Armor
31:50 Bloodlines
33:13 Leather Archer Armor
37:19 Imperial Age
36:28 Wheelbarrow
35:42 Town Watch
39:45 Chemistry
38:52 Bracer
39:28 Parthian Tactics
Buhr
11:56 Feudal Age
10:13 Loom
11:58 Feudal Age
16:17 Castle Age
14:34 Scale Barding Armor
14:30 Double-Bit Axe
14:30 Horse Collar
20:20 Bow Saw
25:47 Town Watch
26:42 Gold Mining
26:42 Stone Mining
27:35 Wheelbarrow
30:34 Imperial Age
28:32 Fletching
30:45 Bodkin Arrow
31:10 Bloodlines
31:00 Husbandry
30:22 Crossbowman
31:45 Bracer
31:06 Elite Elephant Archer
32:18 Padded Archer Armor
33:19 Chemistry
33:16 Ballistics
33:28 Leather Archer Armor
34:42 Conscription
34:29 Siege Elephant
36:11 Caravan
36:39 Hand Cart
36:25 Town Patrol
39:49 Ring Archer Armor
enzoyin68
10:28 Feudal Age
11:06 Double-Bit Axe
14:00 Castle Age
12:08 Horse Collar
15:04 Bow Saw
14:56 Heavy Plow
22:28 Wheelbarrow
23:06 Stone Mining
24:29 Gold Mining
25:14 Stone Shaft Mining
26:19 Hand Cart
26:43 Gold Shaft Mining
29:22 Imperial Age
26:39 Loom
27:12 Caravan
27:33 Fletching
28:22 Bodkin Arrow
29:46 Ballistics
30:04 Husbandry
30:44 Conscription
29:53 Heavy Rocket Cart
31:31 Guilds
32:10 Bracer
33:12 Chemistry
32:23 Siege Engineers
33:40 Coinage
33:51 Shinkichon
33:33 Eupseong
33:25 Treadmill Crane
34:00 Devotion
36:06 Arrowslits
36:32 Fortified Wall
36:20 Murder Holes
38:05 Banking
37:11 Elite War Wagon
38:26 Light Cavalry
39:35 Scale Barding Armor
DMenisDenisTTV
0:32 Loom
19:58 Feudal Age
24:39 Castle Age
23:02 Double-Bit Axe
24:43 Horse Collar
26:35 Fletching
27:44 Bodkin Arrow
29:20 Padded Archer Armor
36:52 Herbalism
350 pero pregriloso
4:49 Loom
16:14 Feudal Age
18:24 Double-Bit Axe
23:53 Castle Age
22:31 Horse Collar
23:13 Stone Mining
23:17 Gold Mining
25:56 Bow Saw
28:19 Heavy Plow
33:23 Forging
33:43 Scale Barding Armor
34:40 Iron Casting
35:45 Wheelbarrow
36:26 Sanctity
36:59 Husbandry
37:10 Bloodlines
37:26 Hand Cart
ds_manu2
8:47 Feudal Age
9:01 Man-at-Arms
13:09 Loom
13:50 Fletching
22:26 Castle Age
22:42 Double-Bit Axe
24:07 Bow Saw
24:34 Horse Collar
28:04 Wheelbarrow
27:41 Heavy Plow
31:15 Masonry
31:45 Hand Cart
34:42 Imperial Age
34:06 Bodkin Arrow
34:53 Cavalier
35:43 Bloodlines
35:33 Husbandry
35:42 Town Watch
36:30 Scale Barding Armor
36:35 Forging
36:30 Scale Barding Armor
37:50 Scale Barding Armor
37:55 Forging
38:23 Forging
Nikems
2:25 Loom
16:40 Feudal Age
18:49 Wheelbarrow
19:07 Horse Collar
22:58 Castle Age
21:11 Double-Bit Axe
22:50 Gold Mining
22:50 Stone Mining
25:40 Heavy Plow
26:21 Bow Saw
27:29 Hand Cart
27:20 Town Watch
28:18 Gold Shaft Mining
28:20 Stone Shaft Mining
35:56 Imperial Age
Manco de élite
6:45 Loom
11:11 Feudal Age
14:46 Castle Age
12:58 Double-Bit Axe
13:29 Horse Collar
23:37 Wheelbarrow
23:06 Heavy Plow
25:44 Bow Saw
31:01 Imperial Age
28:33 Gold Mining
28:34 Stone Mining
29:07 Padded Archer Armor
30:01 Hand Cart
29:50 Caravan
30:24 Leather Archer Armor
31:08 Bloodlines
31:04 Fletching
31:24 Husbandry
32:43 Conscription
32:54 Ring Archer Armor
32:35 Elite Conquistador
32:49 Elite Skirmisher
33:40 Bodkin Arrow
34:51 Ballistics
37:04 Bracer
37:57 Supremacy
Connection lost

Rejoining the realm…

Still unreachable

The connection could not be restored.

Session expired

The server has moved on; the page needs a fresh start.